 Dungeon Crawl Stone Soup version 0.27-a0-1359-ga2a4dfd6fd (webtiles) character file.

Game seed: 4724589922749640504

79 dolemite99 the Poker (level 4, -13/37 HPs)
             Began as a Minotaur Gladiator on June 29, 2021.
             Was a Believer of Zin.
             Mangled by an ice beast (14 damage)
             ... on level 4 of the Dungeon.
             The game lasted 00:02:12 (2308 turns).

dolemite99 the Poker (Minotaur Gladiator)           Turns: 2308, Time: 00:02:12

Health: -13/37     AC: 10    Str: 19    XL:     4   Next: 17%
Magic:  3/3        EV:  6    Int:  5    God:    Zin [**....]
Gold:   118        SH:  0    Dex: 12    Spells: 3/3 levels left

rFire    . . .     SeeInvis .   a - +0 trident
rCold    . . .     Faith    .   (no shield)
rNeg     . . .     Spirit   .   m - +0 plate armour
rPois    .         Reflect  .   c - +0 hat
rElec    .         Harm     .   (no cloak)
rCorr    .         Rampage  .   (no gloves)
Will     .....                  (no boots)
Stlth    ..........             (no amulet)
HPRegen  0.12/turn              (no ring)
MPRegen  0.08/turn              (no ring)

@: no status effects
A: horns 2, retaliatory headbutt
a: Renounce Religion, Recite, Vitalisation, Donate Gold


You were on level 4 of the Dungeon.
You worshipped Zin.
Zin was pleased with you.
You visited 1 branch of the dungeon, and saw 4 of its levels.

You collected 131 gold pieces.
You donated 13 gold pieces to Zin.

Inventory:

Hand Weapons
 a - a +0 trident (weapon)
 b - a +0 hunting sling
 n - a +0 hunting sling
 o - a +1 whip of holy wrath
 u - a +0 broad axe
Missiles
 d - 3 throwing nets (quivered)
 e - 133 stones
 j - 39 arrows
Armour
 c - a +0 hat (worn)
 i - a +0 ring mail
 m - a +0 plate armour (worn)
Wands
 t - a wand of charming (9)
Scrolls
 h - a scroll of enchant armour {unknown}
 k - 2 scrolls of identify {unknown}
 q - a scroll of amnesia {unknown}
 s - a scroll of fog {unknown}
Potions
 f - 2 potions of invisibility {unknown}
 g - a potion of degeneration {unknown}
 l - a potion of berserk rage {unknown}
 p - a potion of attraction {unknown}
 r - a potion of resistance {unknown}


   Skills:
 - Level 2.4 Fighting
 + Level 6.1 Polearms
 - Level 2.0 Throwing
 - Level 3.2 Dodging


You had 3 spell levels left.
You didn't know any spells.
Your spell library was empty.

Dungeon Overview and Level Annotations

Branches:
Dungeon (4/15)
 Temple: D:4-7

Altars:
Trog
Zin


Innate Abilities, Weirdness & Mutations

You have a pair of horns on your head.
You reflexively headbutt those who attack you in melee.


Message History

You kill the ball python!
You see here a ball python corpse.
An adder comes into view.
The adder hisses angrily.
An ice beast comes into view.
Found a club.
You barely miss the adder.
The adder bites you but does no damage. x2
You miss the adder. The adder barely misses you. You furiously retaliate!
You headbutt the adder! You miss the adder. You headbutt the adder.
You kill the adder!
The ice beast hits you. The ice beast freezes you.
You closely miss the ice beast.
The ice beast hits you but does no damage.
You hit the ice beast but do no damage.
The ice beast hits you but does no damage.
You puncture the ice beast!
You headbutt the ice beast, but do no damage.
The ice beast is moderately wounded.
The ice beast hits you but does no damage.
You closely miss the ice beast.
The ice beast is moderately wounded.
The ice beast hits you. The ice beast freezes you!
You hit the ice beast but do no damage. Your headbutt misses the ice beast.
The ice beast is moderately wounded.
The ice beast hits you but does no damage.
A hound skeleton comes into view.
You hit the ice beast.
The ice beast is heavily wounded.
The ice beast hits you but does no damage.
You barely miss the ice beast.
The ice beast is heavily wounded.
The ice beast hits you. The ice beast freezes you!
* * * LOW HITPOINT WARNING * * *
You puncture the ice beast!
The ice beast is almost dead.
The ice beast hits you.
* * * LOW HITPOINT WARNING * * *
The ice beast freezes you!
You die...

#.## #.###.#### #
#.# #.#..# #. #.#
#...#
###.Y##.#######...#
#.......††........#
..#####.#####.#.###
#....##.#.####
####Y##.#....#
#@##.####.# #.##.#
# ......Z.##.#
......)....#
.......##. ...###.
.. .. .. .# . #. ##
#.


You could see an ice beast and a hound skeleton.

Vanquished Creatures
  3 adders
  A worm (D:2)
  2 ball pythons
  6 endoplasms
  2 giant cockroaches
  5 goblins
  5 hobgoblins
  2 jackals (D:1)
  7 kobolds
  3 quokkas
  4 bats
  2 frilled lizards
  2 rats (D:2)
44 creatures vanquished.

Notes
Turn   | Place    | Note
-------+----------+-------------------------------------------
     0 | D:1      | dolemite99 the Minotaur Gladiator began the quest for the
                  | Orb.
     0 | D:1      | Reached XP level 1. HP: 18/18 MP: 0/0
    35 | D:1      | Reached skill level 4 in Polearms
    58 | D:1      | Found a faded altar of an unknown god.
   160 | D:1      | Reached XP level 2. HP: 12/25 MP: 1/1
   475 | D:1      | Became a worshipper of Zin the Law-Giver
   475 | D:1      | Reached * piety under Zin
  1091 | D:2      | Reached skill level 5 in Polearms
  1158 | D:2      | Reached XP level 3. HP: 30/30 MP: 2/2
  1200 | D:2      | Found a bloodstained altar of Trog.
  1362 | D:2      | Reached ** piety under Zin
  2033 | D:3      | Noticed an orc warrior
  2260 | D:4      | Reached skill level 6 in Polearms
  2260 | D:4      | Reached XP level 4. HP: 37/37 MP: 3/3
  2292 | D:4      | Noticed an ice beast
  2308 | D:4      | HP: 1/37 [ice beast (2)]
  2308 | D:4      | Mangled by an ice beast

Illustrated notes

Levels and vault maps discovered:
D:1:      minmay_arrival_hallway, layout_rooms,
          chequers_ecumenical_altar_simple_redux, minivault_27,
          serial_park_tiny_2
D:2:      layout_basic, basic_altar
D:3:      layout_rooms, lemuel_doored_altar
D:4:      layout_loops_ring, amcnicky_altar_gilded, st_stairs_5

Skill      XL: |  1  2  3 |
---------------+----------+-----
Polearms       | 4 5 6 |  6.1
Fighting       | |  2.4
Throwing       | |  2.0
Dodging        | |  3.2

Action                   |  1- 3 |  4- 6 || total
-------------------------+-------+-------++-------
Melee: Trident           |    95 |    13 ||   108
       Headbutt          |     9 |     2 ||    11
Armor: Leather armour    |    10 |       ||    10
       Ring mail         |     7 |       ||     7
       Plate armour      |    22 |     8 ||    30
Dodge: Dodged            |    33 |     2 ||    35

Table legend: (Time is in decaauts)
 A = Elapsed time spent in this place.
 B = Non-inter-level travel time spent in this place.
 C = Inter-level travel time spent in this place.
 D = Time resting spent in this place.
 E = Time spent auto-exploring this place.
 F = Levels seen in this place.
 G = Mean time per level.
                   A        B        C        D        E       F      G
               +--------+--------+--------+--------+--------+-----+--------+
         Total |   2312 |   2116 |    196 |    492 |   1242 |   4 |  578.0 |
       Dungeon |   2312 |   2116 |    196 |    492 |   1242 |   4 |  578.0 |
               +--------+--------+--------+--------+--------+-----+--------+

Top non-repeatable levels by time:
     D:1: 1089 daAuts
     D:2: 892 daAuts
     D:4: 177 daAuts
     D:3: 152 daAuts
